 Dungeon Crawl Stone Soup version 0.23.0-3-gf3c87f2 (webtiles) character file.

Game seed: 3777233569171273812

470 Gazerockf the Fighter (level 6, -2/62 HPs)
             Began as a Draconian Berserker on Feb 23, 2019.
             Was a Believer of Trog.
             Slain by an orc wizard
             ... wielding a +0 dagger
              (3 damage)
             ... on level 3 of the Dungeon.
             The game lasted 00:06:25 (1983 turns).

Gazerockf the Fighter (Draconian Berserker)         Turns: 1983, Time: 00:06:25

Health: -2/62      AC:  6    Str: 21    XL:     6   Next: 82%
Magic:  6/6        EV: 12    Int:  7    God:    Trog [**....]
Gold:   105        SH:  0    Dex: 11    Spells: 5/5 levels left

rFire    . . .     SeeInvis .   a - +0 falchion
rCold    . . .     Gourm    .   (no shield)
rNeg     . . .     Faith    .   (armour unavailable)
rPois    .         Spirit   .   (helmet restricted)
rElec    .         Reflect  .   (no cloak)
rCorr    .         Harm     .   (no gloves)
MR       .....                  (no boots)
Stlth    +.........             (no amulet)
HPRegen  0.20/turn              (no ring)
MPRegen  0.10/turn              (no ring)

@: berserk cooldown, slowed, very slow
A: unfitting armour, cold-blooded, AC +6
a: Berserk, Trog's Hand, Renounce Religion


You were on level 3 of the Dungeon.
You worshipped Trog.
Trog was pleased with you.
You were very hungry.

You visited 1 branch of the dungeon, and saw 4 of its levels.

You collected 105 gold pieces.

Inventory:

Hand Weapons
 a - a +0 falchion (weapon)
 n - a +0 short sword
Armour
 r - a +2 helmet of intelligence
Wands
 o - a wand of digging (6)
Scrolls
 c - 2 scrolls of remove curse
 e - 2 scrolls of amnesia
 g - 2 scrolls of identify {unknown}
 i - 2 scrolls of enchant weapon {unknown}
 p - 2 scrolls of teleportation {unknown}
 q - a scroll of noise {unknown}
Potions
 d - 2 potions of mutation {unknown}
 h - a potion of flight {unknown}
 j - a potion of agility {unknown}
 k - 2 potions of brilliance {unknown}
 l - a potion of degeneration {unknown}
 m - a potion of curing
Comestibles
 b - 7 rations


   Skills:
 * Level 8.6 Fighting
 - Level 3.0 Long Blades
 - Level 2.6 Dodging


You had 5 spell levels left.
You didn't know any spells.
Your spell library was empty.

Dungeon Overview and Level Annotations

Branches:
Dungeon (4/15)
 Temple: D:4-7

Altars:
Fedhas
Hepliaklqana
Sif Muna
Yredelemnul

Annotations:
D:4 Ijyb


Innate Abilities, Weirdness & Mutations

Your plain brown scales are hard. (AC +6)
You cannot fit into any form of body armour.
You are cold-blooded and may be slowed by cold attacks.


Message History

You slash the orc!
You kill the orc!
Trog accepts your kill.
Something hits you but does no damage. x2
You hear some strange, mumbled words.
A puff of flame appears from out of thin air!
The puff of flame hits you.
* * * LOW HITPOINT WARNING * * *
You hear some strange, mumbled words.
A puff of frost appears from out of thin air!
The puff of frost hits you.
* * * LOW HITPOINT WARNING * * *
Things that are here:
a +0 short sword; a +0 scale mail; an orc corpse
Okay, then.
Okay, then.
As you read the scroll labeled OVOMAH VEVIH, it crumbles to dust.
It is a scroll of amnesia.
You feel forgetful for a moment. Something hits you.
You die...

########
#......#
#......# #####
#....@.# #...#
#...{..# #...#
#......#
#.).#######
#......#
#......[...
#......#
#.รท..######
#......# ##...##
#......# #....#
#
#......####....#
##
###.#####......#
###.


There were no monsters in sight!

Vanquished Creatures
  Grinder (D:3)
  A scorpion (D:4)
  A howler monkey (D:4)
  An orc wizard (D:4)
  A bullfrog skeleton (D:4)
  6 adders
  3 worms
  A dart slug (D:1)
  5 orcs
  7 bats
  4 giant cockroaches
  8 hobgoblins
  4 jackals (D:3)
  2 frilled lizards (D:3)
  6 goblins
  4 kobolds
  3 rats
58 creatures vanquished.

Notes
Turn   | Place    | Note
-------+----------+-------------------------------------------
     0 | D:1      | Gazerockf the Draconian Berserker began the quest for the
                  | Orb.
     0 | D:1      | Reached XP level 1. HP: 19/19 MP: 1/1
    74 | D:1      | Reached skill level 4 in Fighting
    74 | D:1      | Reached XP level 2. HP: 25/27 MP: 2/2
   875 | D:2      | Reached ** piety under Trog
   875 | D:2      | Reached XP level 3. HP: 22/34 MP: 3/3
   994 | D:3      | Noticed Grinder
  1058 | D:2      | Found a basalt altar of Yredelemnul.
  1059 | D:2      | Found a blossoming altar of Fedhas.
  1060 | D:2      | Found a hazy altar of Hepliaklqana.
  1060 | D:2      | Found a deep blue altar of Sif Muna.
  1067 | D:2      | Reached skill level 5 in Fighting
  1184 | D:2      | Reached XP level 4. HP: 17/42 MP: 4/4
  1369 | D:3      | Killed Grinder
  1369 | D:3      | Reached skill level 7 in Fighting
  1369 | D:3      | Reached XP level 5. HP: 39/52 MP: 5/5
  1369 | D:3      | Reached XP level 6. HP: 45/60 MP: 6/6
  1936 | D:4      | Reached skill level 8 in Fighting
  1965 | D:4      | Noticed Ijyb
  1982 | D:3      | HP: 1/62 [something/puff of frost (3)]
  1983 | D:3      | Slain by an orc wizard

Skill      XL: |  1  2  3  4  5  6 |
---------------+-------------------+-----
Fighting       | 4 5 7 8 |  8.6
Long Blades    | |  3.0
Dodging        | |  2.6

Action                   |  1- 3 |  4- 6 || total
-------------------------+-------+-------++-------
Melee: Falchion          |    78 |    79 ||   157
       Tailslap          |    15 |    13 ||    28
Invok: Berserk           |     1 |     2 ||     3
       Trog's Hand       |       |     1 ||     1
  Use: Potion            |     2 |       ||     2
       Scroll            |       |     2 ||     2
 Stab: Sleeping          |       |     1 ||     1
  Eat: Ration            |     1 |       ||     1
       Chunk             |       |     2 ||     2
Armor: Skin              |    17 |    48 ||    65
Dodge: Dodged            |    62 |    69 ||   131
       Rpst.: Falchion   |    20 |    21 ||    41
